 Dungeon Crawl Stone Soup version 0.30.0-30-g96aa6591b8 (webtiles) character file.

Game seed: 14740302097616042143

187 Pepete the Shield-Bearer (level 5, -3/42 HPs)
             Began as a Formicid Fighter on June 28, 2023.
             Slain by a lemure (4 damage)
             ... led by Pikel
             ... on level 3 of the Dungeon.
             The game lasted 00:04:23 (5001 turns).

Pepete the Shield-Bearer (Formicid Fighter)         Turns: 5001, Time: 00:04:24

Health: -3/42      AC:  7    Str: 22    XL:     5   Next: 99%
Magic:  5/5        EV: 10    Int: 11    God:
Gold:   362        SH:  5    Dex: 12    Spells: 4/4 levels left

rFire   + . .        a - +1 long sword
rCold   + . .        c - +0 buckler
rNeg    . . .        b - +0 scale mail
rPois   +            (helmet unavailable)
rElec   .            o - scarf {rC+ rF+}
rCorr   .            (no gloves)
SInv    +            (no boots)
Will    .....        (no amulet) Stlth
                     f - ring of poison resistance
HPRegen 0.27/turn    (no ring)
MPRegen 0.09/turn

%: no passive effects
@: mighty
A: permanent stasis, dig shafts and tunnels, antennae 3, four strong arms,
clever 1, sturdy frame 1
a: Dig, Shaft Self


You were on level 3 of the Dungeon.
You visited 1 branch of the dungeon, and saw 4 of its levels.

You collected 362 gold pieces.

Inventory:

Hand Weapons
 a - a +1 long sword (weapon)
Armour
 b - a +0 scale mail (worn)
 c - a +0 buckler (worn)
 o - a scarf of resistance (worn)
Jewellery
 f - a ring of poison resistance (left hand)
Wands
 n - a wand of charming (7)
Scrolls
 e - a scroll of identify
 k - 2 scrolls of silence
 l - 2 scrolls of teleportation
Potions
 g - a potion of curing {unknown}
 h - a potion of flight
 i - a potion of degeneration


   Skills:
 * Level 4.1 Fighting
 * Level 1.8(2.8) Short Blades
 * Level 3.1(3.4) Long Blades
 * Level 4.5 Armour
 + Level 0.2 Dodging
 * Level 4.7 Shields


You had 4 spell levels left.
You didn't know any spells.
Your spell library contained the following spells:

 Spells                   Type           Power      Damage    Failure   Level
 Ensorcelled Hibernation  Hex/Ice        0%         N/A       75%         2
 Spider Form              Tmut/Pois      0%         N/A       93%         3
 Anguish                  Hex/Necr       0%         N/A       100%        4


Dungeon Overview and Level Annotations

Branches:
Dungeon (4/15)
 Temple: D:4-7

Altars:

Annotations:
D:4 Ijyb, Pikel


Innate Abilities, Weirdness & Mutations

You cannot be hasted, slowed, berserked, paralysed or teleported.
You can dig through walls and to a lower floor.
You have a pair of large antennae on your head. (SInv)
Your four strong arms can wield two-handed weapons with a shield.
Your mind is acute. (Int +4, Str/Dex -1)
Your movements are slightly less encumbered by armour. (ER -2)


Message History

Done waiting.
You start waiting.
Done waiting.
You see here a +0 short sword.
You see here a +0 short sword.
You see here a +0 short sword.
A lemure comes into view.
Found a brass ring.
The lemure shouts!
You hear a shout! x3; You hear an angry hiss.
Pikel, Merchant of Souls comes into view.
He is wielding a +2 whip of freezing and wearing a +1 robe of the Archmagi.
Ijyb the Twisted Goblin comes into view.
She is wielding a +0 dagger, wearing a +1 ring mail of fire resistance and carrying a wand of iceblast (7).
Pikel shouts!
You hear a shout!
Pikel says, "Hell isn't that bad."
A lemure comes into view.
A lemure comes into view.
A lemure comes into view.
You see here a +0 short sword.
Ijyb zaps a wand.
The mass of ice explodes!
The iceblast engulfs you! You partially resist.
You hear a shout! x5
A kobold comes into view. It is wielding a +0 club.
There is a stone staircase leading up here.
Ijyb zaps a wand.
The mass of ice explodes!
The iceblast engulfs you.
You hear a shout! x2
Ijyb zaps a wand.
The mass of ice explodes!
The iceblast engulfs you! You partially resist.
An adder comes into view.
You block the lemure's attack. The lemure hits you.
The lemure closely misses you. The lemure hits you. The lemure hits you!
* * * LOW HITPOINT WARNING * * *
You climb upwards.
There is a stone staircase leading down here.
There are monsters nearby!
You feel very mighty all of a sudden. The lemure closely misses you.
The lemure hits you.
* * * LOW HITPOINT WARNING * * *
You barely miss the lemure. The lemure barely misses you. The lemure hits you.
* * * LOW HITPOINT WARNING * * *
The lemure hits you but does no damage. The lemure hits you.
You die...

#### #... #########
#.## #..)....# #.#
#.#####.# ######.##
#.#####.#####........
#.55@5.............##
###.########..####...#
#...# ######.#.###...#
#.#.# #......##.##...##
#.#.# #.####.#.##.....#
#.#.###.####..####...##
#>#.##..##..........###
#.#.##.P...#####.......
#.#.##.....# #.#.....


You could see 3 lemures.

Vanquished Creatures
  A jelly (D:4)
  2 iguanas
  6 adders
  A worm (D:2)
  3 ball pythons
  4 bats
  6 endoplasms
  3 giant cockroaches
  3 hobgoblins
  3 jackals (D:2)
  3 quokkas
  4 frilled lizards
  3 goblins (D:1)
  8 kobolds
  4 rats
54 creatures vanquished.

Vanquished Creatures (others)
  A dart slug (D:3)
1 creature vanquished.

Grand Total: 55 creatures vanquished

Notes
Turn   | Place    | Note
-------+----------+-------------------------------------------
     0 | D:1      | Pepete the Formicid Fighter began the quest for the Orb.
     0 | D:1      | Reached XP level 1. HP: 18/18 MP: 1/1
   546 | D:1      | Reached XP level 2. HP: 15/24 MP: 2/2
  1079 | D:1      | You fall into a shaft and drop 1 floor!
  1136 | D:2      | Reached XP level 3. HP: 26/29 MP: 3/3
  1657 | D:2      | Gained mutation: Your mind is acute. (Int +4, Str/Dex -1)
                  | [potion of mutation]
  1657 | D:2      | Gained mutation: Your movements are slightly less
                  | encumbered by armour. (ER -2) [potion of mutation]
  2262 | D:2      | Reached XP level 4. HP: 35/37 MP: 4/4
  2754 | D:2      | Found a faded altar of an unknown god.
  3538 | D:3      | Reached skill level 1 in Short Blades
  3538 | D:3      | Reached XP level 5. HP: 23/42 MP: 5/5
  4981 | D:4      | Noticed a lemure
  4982 | D:4      | Noticed Pikel
  4982 | D:4      | Noticed Ijyb
  4983 | D:4      | Noticed a lemure
  4984 | D:4      | Noticed a lemure
  4986 | D:4      | Noticed a lemure
  5001 | D:3      | HP: 1/42 [lemure[Pikel] (6)]
  5001 | D:3      | Slain by a lemure

Illustrated notes

Levels and vault maps discovered:
D:1:      minmay_arrival_five_plusses, layout_basic, nicolae_hexahallways,
          minmay_misc_feat_encased, nrook_loot_triangle, serial_park_tiny_1
D:2:      layout_basic, hellmonk_ecumenical_altar_slurped_away
D:3:      layout_loops_ring, minmay_gold_behind_fungi, amethyst_killhole,
          hangedman_decor_push, lemuel_flame_loot_1
D:4:      layout_basic, mainiacjoe_overflow_six_doors_small,
          nicolae_overflow_crystal_walls, minmay_temple_entry_statues_pillars,
          uniq_pikel, uniq_ijyb

Skill      XL: |  1  2  3  4  5 |
---------------+----------------+-----
Armour         | 4 |  4.5
Fighting       | 4 |  4.1
Short Blades   | 1 |  1.8
Long Blades    | 3 |  3.1
Dodging        | |  0.2
Shields        | |  4.7

Action                     |  1- 3 |  4- 6 || total
---------------------------+-------+-------++-------
  Melee: Long sword        |    81 |    83 ||   164
Ability: Dig               |       |     1 ||     1
    Use: Potion            |     4 |     3 ||     7
         Scroll            |       |     8 ||     8
 Armour: Scale mail        |    53 |    39 ||    92
  Dodge: Dodged            |    71 |    45 ||   116
  Block: Buckler           |    25 |    21 ||    46
